 Dungeon Crawl Stone Soup version 0.20.0-10-g0535bb4 (webtiles) character file.

114 Zwobot the Skirmisher (level 4, -5/36 HPs)
             Began as a Mummy Fighter on June 3, 2017.
             Was an Initiate of Ru.
             Killed by divine providence
             ... invoked by an orc priest
              (10 damage)
             ... on level 3 of the Dungeon.
             The game lasted 00:06:41 (2602 turns).

Zwobot the Skirmisher (Mummy Fighter)               Turns: 2602, Time: 00:06:41

Health: -5/36      AC:  6    Str: 20    XL:     4   Next: 66%
Magic:  4/4        EV:  7    Int:  7    God:    Ru [......]
Gold:   132        SH:  8    Dex: 11    Spells: 3/3 levels left

rFire    x . .     SeeInvis .   a - +0 flail
rCold    + . .     Gourm    .   c - +0 shield
rNeg     + + +     Faith    .   l - +0 scale mail
rPois    ∞         Spirit   .   (no helmet)
rElec    .         Reflect  .   (no cloak)
rCorr    .         Harm     .   (no gloves)
MR       .....                  (no boots)
Stlth    +.........             (no amulet)
Regen    0.2/turn               o - ring of stealth
MPRegen  0.1/turn               (no ring)

@: no status effects
A: no food or potions, fire vulnerability, cold resistance 1, negative energy
resistance 3, torment resistance, unbreathing
a: Renounce Religion


You were on level 3 of the Dungeon.
You worshipped Ru.
Ru was noncommittal.
You were not hungry.

You visited 1 branch of the dungeon, and saw 4 of its levels.

You collected 132 gold pieces.

Inventory:

Hand Weapons
 a - a +0 flail (weapon)
 b - a +0 hunting sling
 f - a +0 hunting sling
Missiles
 j - 79 stones (quivered)
 p - 19 bolts
 s - 13 sling bullets
Armour
 c - a +0 shield (worn)
 l - a +0 scale mail (worn)
Jewellery
 o - a ring of stealth (left hand)
 t - an uncursed ring of resist corrosion {unknown}
Wands
 r - a wand of acid (7/15)
Scrolls
 g - 4 scrolls of amnesia {unknown}
 i - 4 scrolls of identify {unknown}
 k - a scroll of enchant armour {unknown}
 m - 2 scrolls of random uselessness {unknown}
 n - a scroll of immolation {unknown}
 q - a scroll of recharging {unknown}
Miscellaneous
 u - a sack of spiders


   Skills:
 + Level 3.6 Fighting
 * Level 3.1 Maces & Flails
 + Level 3.0 Armour
 - Level 2.5 Shields


You had 3 spell levels left.
You didn't know any spells.

Dungeon Overview and Level Annotations

Branches:
Dungeon (4/15)
 Temple: D:4-7

Altars:
Dithmenos
Ru


Innate Abilities, Weirdness & Mutations

You do not eat or drink.
Your flesh is vulnerable to fire.
You are immune to poison.
Your flesh is cold resistant. (rC+)
You are immune to negative energy. (rN+++)
You are immune to unholy pain and torment.
You can survive without breathing.


Message History

An orc comes into view. It is wielding a dagger.
You closely miss the orc priest.
The orc priest is heavily wounded.
You block the orc priest's attack.
As you read the scroll labeled JUYHYE UCIASA, it crumbles to dust.
You feel blessed for a moment.
It was a scroll of remove curse.
You block the orc priest's attack.
As you read the scroll labeled TYODIDW TOFAYVAEX, it crumbles to dust.
You feel strangely unstable.
It was a scroll of teleportation.
The orc priest begins to cast a cantrip, but forgets the words!
As you read the scroll labeled UGENIA EQOA, it crumbles to dust.
You hear a loud clanging noise!
It was a scroll of noise.
The orc barely misses you. You block the orc priest's attack.
The orc priest looks encouraged for a moment.
Your surroundings suddenly seem different.
The orc priest begins to cast a cantrip, but forgets the words!
The orc priest invokes the aid of Beogh against you.
Beogh smites you!
You die...

o#.#####.........................
.# #.##....#####....######### .#
#[................##)....# .#
#.#.....#####.....##[###.#
.#.#####....#......#.....##.#.#.#
.#.....o%...#.####.#.....##.#...#
.#######.o..#.####.#####.##)#.###
........>.o...............#.#.###
######..........@########.#.#....
...............# #÷#.#<...
####...........# #.#.#####
#...........########........
#...........#.........######
#...........#..........#####
#############.......[.....##
#.............## #.............##


You could see an orc priest and an orc.

Vanquished Creatures
  An orc priest (D:3)
  An orc wizard (D:2)
  A gnoll (D:2)
  2 dart slugs (D:1)
  A leopard gecko (D:3)
  3 orcs
  7 bats
  A giant cockroach (D:3)
  7 goblins
  3 hobgoblins
  3 jackals (D:2)
  6 kobolds
  A frilled lizard (D:2)
  4 rats
41 creatures vanquished.

Notes
Turn   | Place    | Note
-------+----------+-------------------------------------------
     0 | D:1      | Zwobot the Mummy Fighter began the quest for the Orb.
     0 | D:1      | Reached XP level 1. HP: 18/18 MP: 1/1
   311 | D:1      | Reached XP level 2. HP: 24/24 MP: 2/2
   969 | D:2      | Reached XP level 3. HP: 9/29 MP: 3/3
  1513 | D:3      | Found a shadowy altar of Dithmenos.
  1769 | D:2      | Reached XP level 4. HP: 27/35 MP: 4/4
  2129 | D:3      | Found a sacrificial altar of Ru.
  2136 | D:3      | Became a worshipper of Ru the Awakened
  2602 | D:3      | Killed from afar by an orc priest

Skill      XL: |  1  2  3  4 |
---------------+-------------+-----
Maces & Flails | 2 3 |  3.1
Armour         | 3 |  3.0
Fighting       | |  3.6
Shields        | |  2.5

Action                   |  1- 3 |  4- 6 || total
-------------------------+-------+-------++-------
Melee: Flail             |   115 |    73 ||   188
Throw: Stone             |     1 |       ||     1
  Use: Scroll            |       |     3 ||     3
Armor: Scale mail        |    51 |    25 ||    76
Dodge: Dodged            |    41 |    30 ||    71
Block: Shield            |    59 |    54 ||   113
